Match 45410003
Unlisted

Match 45410003
End
Pioneer Squad
Construct Infanterie Kompanie
Selects Terror Battlegroup
Selects Heavy Gunnery
Grenadier Squad
Grenadier Squad
Grenadier Squad
Construct Luftwaffe Kompanie
Selects Interrogate
221 Scout Car
Medical Station
Support Elements
Selects Defend the Fatherland
Jäger Squad
Wirbelwind Flakpanzer
Luftwaffe Officer Quarters
Jäger Squad
Jäger Squad
Marder III M Tank Destroyer
Jäger Squad
Marder III M Tank Destroyer
Selects King Tiger Heavy Tank
King Tiger Heavy Tank
Defend the Fatherland
Pioneer Squad
Jäger Squad
Defend the Fatherland
Marder III M Tank Destroyer
Pioneer Squad
Selects Jericho Trumpet
Selects V1 Rocket Strike
Jäger Squad
Jäger Squad
Jericho Trumpet
Jäger Squad
tomorin
MasterStef
0
0

Comments sign in to comment!

No comments posted yet!